 Dungeon Crawl Stone Soup version 0.29.0-4-gdea44cf6ec (webtiles) character file.

Game seed: 4470043409017619716

68726 greasedhog the Gargoyle Cataclysm (level 15, -5/92 HPs)
             Began as a Gargoyle Fighter on Aug 27, 2022.
             Was a High Priest of Qazlal.
             Slain by a boulder beetle (17 damage)
             ... on level 12 of the Dungeon.
             The game lasted 00:39:04 (23201 turns).

greasedhog the Gargoyle Cataclysm (GrFi)           Turns: 23201, Time: 00:39:04

Health: -5/92      AC: 30    Str: 31    XL:     15   Next: 27%
Magic:  25/36      EV: 11    Int:  8    God:    Qazlal [*****.]
Gold:   1559       SH: 14    Dex: 15    Spells: 14/14 levels left

rFire   + . .      SeeInvis +   i - +0 mace (distort)
rCold   + . .      Faith    .   c - +1 buckler
rNeg    + . .      Spirit   .   H - +2 chain mail {rC+}
rPois   ∞          Reflect  .   (helmet restricted)
rElec   +          Harm     .   y - +0 cloak {Stlth+}
rCorr   .          Rampage  .   (no gloves)
Will    +....                   k - +0 pair of boots
Stlth   ..........              (no amulet)
HPRegen 0.25/turn               D - ring "Xotid" {Fire *Slow MP+9 Str+3}
MPRegen 0.25/turn               I - +6 ring of dexterity

@: protected from physical damage, flying, repel missiles
A: sickness immunity, AC +11, big wings, negative energy resistance 1,
electricity resistance, torment resistance 1, petrification resistance, horns 1,
see invisible, cold resistance 1
a: Renounce Religion, Upheaval, Elemental Force, Disaster Area


You were on level 12 of the Dungeon.
You worshipped Qazlal.
Qazlal was extremely pleased with you.
You visited 3 branches of the dungeon, and saw 18 of its levels.
You also visited: Sewer.

You collected 1559 gold pieces.

Inventory:

Hand Weapons
 i - a +0 mace of distortion (weapon)
Missiles
 M - a throwing net (quivered)
Armour
 c - a +1 buckler (worn)
 k - a +0 pair of boots (worn)
 y - a +0 cloak of stealth (worn)
 H - a +2 chain mail of cold resistance (worn)
Jewellery
 D - the ring "Xotid" (left hand) {Fire *Slow MP+9 Str+3}
   (You took it off a centaur on level 8 of the Dungeon)

   [ring of fire]

   It enhances your fire magic.
   Str:       It affects your strength (+3).
   rF:        It protects you from fire.
   rC:        It makes you vulnerable to cold.
   MP:        It affects your magic capacity (+9).
   *Slow:     It may slow you when you take damage.
 I - a +6 ring of dexterity (right hand)
 L - a ring of ice
 S - the ring of Immorality {rC+ Str-5 Int+2 Dex+3}
   (You found it on level 12 of the Dungeon)

   [ring of protection from cold]

   Str:       It affects your strength (-5).
   Int:       It affects your intelligence (+2).
   Dex:       It affects your dexterity (+3).
   rC:        It protects you from cold.
 T - a ring of ice
 U - an amulet of reflection
Wands
 p - a wand of quicksilver (10)
 r - a wand of paralysis (12)
 v - a wand of polymorph (7)
 O - a wand of iceblast (6)
 Q - a wand of flame (9)
Scrolls
 e - 3 scrolls of poison
 h - 2 scrolls of identify
 j - 6 scrolls of enchant armour
 n - 10 scrolls of teleportation
 q - 5 scrolls of enchant weapon
 u - 2 scrolls of silence
 z - 3 scrolls of blinking
 B - 3 scrolls of magic mapping
 C - 4 scrolls of immolation
 E - 5 scrolls of butterflies
 J - 2 scrolls of torment
 K - 2 scrolls of vulnerability
 P - a scroll of fear
 R - a scroll of amnesia {unknown}
Potions
 a - 8 potions of heal wounds
 b - 2 potions of curing
 d - 7 potions of might
 f - 5 potions of flight
 g - 5 potions of mutation
 l - 4 potions of resistance
 m - 3 potions of ambrosia {unknown}
 o - 5 potions of lignification {unknown}
 s - 2 potions of cancellation {unknown}
 t - 4 potions of degeneration {unknown}
 w - 3 potions of berserk rage {unknown}
 x - 4 potions of invisibility {unknown}
 A - 5 potions of brilliance {unknown}
 F - 4 potions of attraction {unknown}
 G - 2 potions of haste
 N - a potion of magic {unknown}


   Skills:
 - Level 10.1 Fighting
 - Level 12.0 Maces & Flails
 - Level 10.0 Armour
 - Level 5.7 Dodging
 - Level 9.0 Shields
 * Level 16.2 Invocations
 * Level 10.0 Evocations


You had 14 spell levels left.
You didn't know any spells.
Your spell library contained the following spells:

 Spells                   Type           Power      Damage    Failure   Level
 Necrotise                Necr           0%         1d4       90%         1
 Summon Small Mammal      Summ           0%         N/A       90%         1
 Ensorcelled Hibernation  Hex/Ice        0%         N/A       97%         2
 Passwall                 Tmut/Erth      0%         N/A       97%         2
 Call Canine Familiar     Summ           0%         N/A       99%         3
 Portal Projectile        Hex/Tloc       0%         N/A       99%         3
 Summon Guardian Golem    Hex/Summ       0%         N/A       99%         3
 Swiftness                Air            0%         N/A       99%         3
 Vampiric Draining        Necr           0%         2d6       99%         3
 Animate Dead             Necr           0%         N/A       100%        4
 Leda's Liquefaction      Hex/Erth       0%         N/A       100%        4
 Petrify                  Tmut/Erth      0%         N/A       100%        4
 Agony                    Necr           0%         N/A       100%        5
 Metabolic Englaciation   Hex/Ice        0%         N/A       100%        5
 Summon Forest            Summ/Tloc      0%         N/A       100%        5
 Summon Mana Viper        Hex/Summ       0%         N/A       100%        5
 Summon Cactus Giant      Summ           0%         N/A       100%        6
 Haunt                    Necr/Summ      0%         N/A       100%        7
 Infestation              Necr           0%         N/A       100%        8
 Statue Form              Tmut/Erth      Unusable   N/A       N/A         6

Dungeon Overview and Level Annotations

Branches:
Dungeon (12/15)            Temple (1/1) D:6            Lair (5/5) D:9
 Shoals (0/4) Lair:3        Snake (0/4) Lair:2        Slime (0/5) Lair:4
    Orc (0/2) D:12          Sewer (visited)

Altars:
Ashenzari
Cheibriados
Dithmenos
Elyvilon
Fedhas
Gozag
Hepliaklqana
Kikubaaqudgha
Makhleb
Nemelex Xobeh
Okawaru
Qazlal
Ru
Sif Muna
Trog
Uskayaw
Vehumet
Wu Jian
Xom
Yredelemnul
Zin
The Shining One
Jiyva
Lugonu

Shops:
D:1 :   D:8 [

Annotations:
D:8 2 transporters
D:11 3 runed translucent doors, gelatine's ghost, journeyman DsGl


Innate Abilities, Weirdness & Mutations

You are immune to sickness and miasma.
Your stone body is resilient. (AC +11)
You are immune to poison.
Your large and strong wings let you fly.
You resist negative energy. (rN+)
You are resistant to electric shocks. (rElec)
You are resistant to unholy torment.
You are immune to petrification.
You have a pair of small horns on your head.
You have supernaturally acute eyesight. (SInv)
Your flesh is cold resistant. (rC+)


Message History

You block the boulder beetle's attack.
The boulder beetle stops rolling and uncurls.
The boulder beetle bites you!
Your resistance to fire fades away.
You feel protected from physical attacks.
The boulder beetle curls into a ball and begins rolling!
The helpless Nessos fails to defend themself.
You hit Nessos but do no damage.
Space warps around Nessos.
Nessos is lightly wounded.
The helpless Nessos fails to defend themself.
You sock Nessos!
Nessos is lightly wounded.
Nessos blinks!
The boulder beetle hits you!!
* * * LOW HITPOINT WARNING * * *
The boulder beetle stops rolling and uncurls.
Activating: Disaster Area (1% risk of failure)
Press: ? - help, Dir - look around, f - activate Nature churns violently around you!
The cutting wind hits Nessos!
Nessos is moderately wounded.
The cutting wind hits the boulder beetle!
The boulder beetle is lightly wounded.
The blast of ice hits Nessos!!
Nessos is severely wounded.
Nessos is flash-frozen.
The blast of rubble hits Nessos.
Nessos is severely wounded.
Nessos is struck by lightning.
You block the boulder beetle's attack.
Unknown command.
Unknown command.
Unknown command.
Aiming: Upheaval
Press: ? - help, Dir - move target, f - Nessos
Aim: Nessos, wielding a +1 longbow of flaming, wearing a +2 barding of fire resistance and carrying a wand of iceblast (2) (severely wounded, paralysed, encased in ice) Magma suddenly erupts from the ground!
The blast of magma engulfs Nessos!!
Nessos partially resists.
You kill Nessos!
Qazlal accepts your kill.
The boulder beetle is engulfed in blazing flames.
The boulder beetle bites you!
You die...

####### #.....#### ##
#........# . #.....##.#
########### ######
#.....##.# #≈§≈..°...#.
......
#.....##.###§☼...§..§'.
########
#.....##..§#§.B@§§...#
#.......
#.....####.'..○.§§§..#
#.###### #.....#
###.°°§§....# #.....#.
#.....# #.≈)......#
#####.#. #.....#
#.≈...≈≈..# #.......
#.....# #######'###
##'##### ###.### ≈#
####....### #.# .#
#.........# #.#
#.......#'#


You could see a boulder beetle.

Vanquished Creatures
  Nessos (D:12)
  A dire elephant (Lair:5)
  The ghost of Cooqonn the Thaumaturge, a journeyman DsVM of Kikubaaqudgha (D:12)
  A boulder beetle (D:12)
  3 hydras
  9 death yaks
  A two-headed ogre (D:11)
  Urug (Lair:3)
  A swamp dragon (Lair:5)
  A lindwurm (Lair:5)
  An ugly thing (D:12)
  2 cyclopes
  A manticore (D:12)
  23 elephants
  A wolf spider (Lair:5)
  8 black mambas
  A torpor snail (Lair:4)
  A guardian serpent (Lair:5)
  15 cane toads
  5 rime drakes
  2 kobold demonologists (D:11)
  8 komodo dragons
  An ice devil (Lair:5)
  6 polar bears
  4 trolls
  2 hornets (Lair:5)
  12 dream sheep
  5 blink frogs (Lair:3)
  2 wraiths (D:9)
  A vampire (D:11)
  A spriggan (Lair:5)
  A shadow (D:12)
  6 basilisks
  12 wyverns
  42 yaks
  2 redbacks (Lair:5)
  Grum (D:8)
  3 vampire mosquitoes (D:12)
  3 steam dragons (D:9)
  2 nagas (Lair:2)
  2 acid dragons
  23 water moccasins
  2 swamp drakes
  6 orc warriors
  2 sky beasts
  2 ice beasts
  11 wolves
  6 centaurs
  A phantom (D:5)
  5 kobold brigands
  2 bullfrogs
  2 necrophages
  A scorpion (D:3)
  2 gnoll sergeants (D:9)
  14 wights
  10 killer bees
  5 howler monkeys
  10 orc priests
  Crazy Yiuf (D:5)
  A gnoll bouda (D:7)
  5 hounds
  7 jellies
  10 iguanas
  Natasha (thrice) (D:4)
  5 orc wizards
  11 gnolls
  A river rat (D:4)
  8 adders
  2 white imps
  An ufetubus (D:4)
  A dart slug (D:2)
  38 orcs
  5 bats
  8 endoplasms
  3 giant cockroaches
  5 goblins
  14 hobgoblins
  8 jackals
  6 quokkas
  8 ball pythons
  2 frilled lizards
  42 kobolds
  8 rats
503 creatures vanquished.

Vanquished Creatures (others)
  An unseen horror (D:12)
  A basilisk (D:9)
  An orc priest (D:9)
  A gnoll (D:9)
  An orc (D:9)
  35 fungi
  115 plants
  A withered plant (D:6)
156 creatures vanquished.

Grand Total: 659 creatures vanquished

Notes
Turn   | Place    | Note
-------+----------+-------------------------------------------
     0 | D:1      | greasedhog the Gargoyle Fighter began the quest for the
                  | Orb.
     0 | D:1      | Reached XP level 1. HP: 14/14 MP: 1/1
   237 | D:1      | Reached XP level 2. HP: 19/19 MP: 2/2
   282 | D:1      | Found Gimimuax's Book Boutique.
   863 | D:1      | Reached XP level 3. HP: 24/24 MP: 3/3
  1662 | D:2      | Reached XP level 4. HP: 30/30 MP: 4/4
  1956 | D:3      | Found an iron altar of Okawaru.
  2071 | D:3      | Found a white marble altar of Elyvilon.
  2324 | D:3      | Found a shadowy altar of Dithmenos.
  2441 | D:3      | Noticed a scorpion
  2456 | D:3      | Killed a scorpion
  2457 | D:3      | Reached skill level 5 in Fighting
  2457 | D:3      | Reached XP level 5. HP: 30/35 MP: 5/5
  2775 | D:3      | Noticed a kobold brigand
  2782 | D:3      | Reached XP level 6. HP: 40/40 MP: 6/6
  2844 | D:3      | Reached skill level 5 in Maces & Flails
  2922 | D:3      | Reached skill level 5 in Armour
  3165 | D:3      | Found a faded altar of an unknown god.
  3319 | D:4      | Reached XP level 7. HP: 36/44 MP: 7/7
  3401 | D:4      | Noticed Natasha
  3408 | D:4      | Killed Natasha
  3499 | D:4      | Found a glowing drain.
  3526 | Sewer    | Entered a sewer
  4028 | D:4      | Found a shimmering altar of Xom.
  4170 | D:5      | Entered Level 5 of the Dungeon
  4199 | D:5      | Reached skill level 5 in Shields
  4226 | D:5      | Reached XP level 8. HP: 49/49 MP: 8/8
  4234 | D:5      | Reached skill level 1 in Dodging
  4246 | D:5      | Identified the +7 whip of Famine {vorpal, rElec rN+ Str+6
                  | Stlth-}
  4565 | D:4      | Noticed Natasha
  4578 | D:4      | Killed Natasha
  4582 | D:4      | Noticed Natasha
  4586 | D:4      | Killed Natasha
  4806 | D:5      | Found a runed translucent door.
  4807 | D:5      | Noticed Crazy Yiuf
  4867 | D:5      | Killed Crazy Yiuf
  5333 | D:6      | Found a blossoming altar of Fedhas.
  5334 | D:6      | Found an ancient bone altar of Kikubaaqudgha.
  5551 | D:6      | Found a staircase to the Ecumenical Temple.
  5559 | Temple   | Entered the Ecumenical Temple
  5749 | Temple   | Became a worshipper of Qazlal Stormbringer
  5860 | D:6      | Reached XP level 9. HP: 52/54 MP: 9/9
  5968 | D:6      | Found an ornate altar of the Wu Jian Council.
  6220 | D:7      | Found a hazy altar of Hepliaklqana.
  6438 | D:7      | Reached skill level 5 in Dodging
  6568 | D:7      | Reached * piety under Qazlal
  6926 | D:7      | Found a sacrificial altar of Ru.
  6989 | D:7      | Identified the +0 ring mail of the Hart {+Inv rCorr Str-4
                  | Int+3}
  7403 | D:8      | Reached skill level 1 in Evocations
  7454 | D:8      | Reached XP level 10. HP: 16/59 MP: 10/10
  7458 | D:8      | Reached skill level 10 in Maces & Flails
  7717 | D:8      | Identified the ring "Xotid" {Fire *Slow MP+9 Str+3}
  7875 | D:8      | Noticed Grum
  7891 | D:8      | Killed Grum
  7902 | D:8      | Reached ** piety under Qazlal
  8162 | D:8      | Found a transporter.
  8165 | D:8      | Noticed a green ugly thing
  8167 | D:8      | Found a corrupted altar of Lugonu.
  8182 | D:8      | Found a sparkling altar of Nemelex Xobeh.
  8299 | D:8      | Noticed a white ugly thing
  8299 | D:8      | Noticed a red ugly thing
  8300 | D:8      | Found a transporter.
  8343 | D:8      | Found Gaowev's Armour Boutique.
  9013 | D:9      | Reached skill level 5 in Evocations
  9460 | D:9      | Found a staircase to the Lair.
  9623 | D:9      | Found a burning altar of Makhleb.
  9650 | D:9      | Reached XP level 11. HP: 31/66 MP: 11/11
 10243 | D:10     | Entered Level 10 of the Dungeon
 10359 | D:10     | Reached skill level 1 in Invocations
 10525 | D:10     | Found the +1 robe of Vines {NoPotionHeal Regen++++}
 10533 | D:10     | Reached skill level 2 in Invocations
 10625 | D:10     | Noticed a six-headed hydra
 10629 | D:10     | Banished a six-headed hydra
 10636 | D:10     | Noticed a cyclops
 10647 | D:10     | Killed a cyclops
 10648 | D:10     | Reached skill level 3 in Invocations
 10941 | D:10     | Found a shimmering blue altar of Sif Muna.
 11231 | D:11     | Reached skill level 4 in Invocations
 11362 | D:11     | Reached *** piety under Qazlal
 11399 | D:11     | Reached skill level 5 in Invocations
 11666 | D:11     | Found a runed translucent gate.
 11666 | D:11     | Found a runed translucent gate.
 11668 | D:11     | Found a runed translucent gate.
 11671 | D:11     | Noticed gelatine's ghost (journeyman DsGl)
 11793 | D:11     | Reached skill level 6 in Invocations
 11892 | D:11     | Identified the +1 scale mail "Babopp Nunk" {rN+ Will+
                  | Stlth+}
 11964 | D:11     | Noticed a five-headed hydra
 11973 | D:11     | Banished a five-headed hydra
 12207 | D:11     | Noticed a two-headed ogre
 12215 | D:11     | Killed a two-headed ogre
 12216 | D:11     | Reached skill level 10 in Fighting
 12711 | Lair:1   | Entered Level 1 of the Lair of Beasts
 12722 | Lair:1   | Reached XP level 12. HP: 69/77 MP: 17/17
 12725 | Lair:1   | Reached skill level 7 in Invocations
 12909 | Lair:1   | Reached skill level 8 in Invocations
 13591 | Lair:2   | Noticed a boulder beetle
 13624 | Lair:2   | Banished a boulder beetle
 13713 | Lair:2   | Found a staircase to the Snake Pit.
 13727 | Lair:2   | Reached skill level 9 in Invocations
 13809 | Lair:2   | Noticed a death yak
 13809 | Lair:2   | Noticed a death yak
 13811 | Lair:2   | Noticed a death yak
 13830 | Lair:2   | Killed a death yak
 13836 | Lair:2   | Killed a death yak
 13843 | Lair:2   | Killed a death yak
 14115 | Lair:2   | Noticed a death yak
 14115 | Lair:2   | Noticed a death yak
 14156 | Lair:2   | Killed a death yak
 14167 | Lair:2   | Noticed a death yak
 14168 | Lair:2   | Noticed a death yak
 14184 | Lair:2   | Banished a death yak
 14185 | Lair:2   | Reached skill level 10 in Invocations
 14192 | Lair:2   | Killed a death yak
 14195 | Lair:2   | Banished a death yak
 14643 | Lair:3   | Reached XP level 13. HP: 82/82 MP: 20/20
 14741 | Lair:3   | Reached **** piety under Qazlal
 14985 | Lair:3   | Reached skill level 10 in Armour
 14992 | Lair:3   | Reached skill level 11 in Invocations
 15025 | Lair:3   | Identified the +5 ring mail of Day {rPois Str+2}
 15038 | Lair:3   | Found a staircase to the Shoals.
 15675 | Lair:3   | Noticed Urug
 15693 | Lair:3   | Killed Urug
 16371 | Lair:4   | Reached skill level 12 in Invocations
 16992 | Lair:4   | Found a staircase to the Slime Pits.
 16995 | Lair:4   | Found a viscous altar of Jiyva.
 17179 | Lair:5   | Entered Level 5 of the Lair of Beasts
 17674 | Lair:4   | Reached skill level 13 in Invocations
 18124 | Lair:4   | Gained mutation: Your large and strong wings let you fly.
                  | [Gargoyle growth]
 18124 | Lair:4   | Reached XP level 14. HP: 83/88 MP: 23/23
 18768 | Lair:5   | Reached skill level 14 in Invocations
 18774 | Lair:5   | Reached ***** piety under Qazlal
 19558 | Lair:5   | Reached skill level 15 in Invocations
 20140 | Lair:5   | Gained mutation: You have a pair of small horns on your
                  | head. [potion of mutation]
 20140 | Lair:5   | Gained mutation: Your flesh is cold resistant. (rC+)
                  | [potion of mutation]
 20140 | Lair:5   | Gained mutation: You have supernaturally acute eyesight.
                  | (SInv) [potion of mutation]
 20800 | Lair:5   | Noticed a dire elephant
 20815 | Lair:5   | Reached XP level 15. HP: 56/92 MP: 26/26
 22268 | D:12     | Found a staircase to the Orcish Mines.
 22312 | D:12     | Found a runed translucent gate.
 22312 | D:12     | Found a runed translucent gate.
 22312 | D:12     | Found a runed translucent gate.
 22313 | D:12     | Noticed Cooqonn's ghost (journeyman DsVM)
 22349 | D:12     | Killed Cooqonn's ghost
 22353 | D:12     | Identified the ring of Immorality {rC+ Str-5 Int+2 Dex+3}
 22378 | D:12     | Reached skill level 16 in Invocations
 23181 | D:12     | Noticed Nessos
 23190 | D:12     | Reached skill level 10 in Evocations
 23201 | D:12     | Killed Nessos
 23201 | D:12     | Slain by a boulder beetle

Illustrated notes

Levels and vault maps discovered:
D:1:      heliophobic_arrival_enchanted_forest, layout_loops_cross,
          serial_shops, nicolae_shop_advertising_works
          [nicolae_subvault_shop_adworks], dreamdust_princess_corridor
D:2:      layout_basic
D:3:      minmay_goblin_kobold_castle, layout_basic,
          nicolae_dithmenos_the_darkroom, lemuel_crystal_altar,
          nicolae_elyvilon_peaceful_grove,
          shapermc_ecumenical_altar_mp_vishouse, minmay_misc_feat_tiny,
          st_stairs_14, kennysheep_generic_room_3
D:4:      layout_cave_pools, mainiacjoe_overflow_six_doors_small,
          portal_sewer_entry_a, uniq_natasha
D:5:      layout_loops_ring, minivault_24, uniq_crazy_yiuf_cottage
D:6:      layout_cave_pools, grunt_temple_overflow_growth_and_decay,
          nicolae_wu_jian_wuxing_cycle, minmay_temple_entry_glassed_door
D:7:      minmay_inner_zag, layout_basic, general_overflow_altar,
          nicolae_hepliaklqana_hazy_memory, nrook_loot_triangle
D:8:      gammafunk_corrupted_shrine, layout_rooms, kennysheep_little_box,
          serial_shops, nicolae_diamond_shop, uniq_grum
D:9:      layout_gridville, lightli_temple_of_fire, erik_lair_dragon
D:10:     layout_small_grid, lemuel_blue_sif_altar, minmay_misc_feat_columns,
          hellmonk_guarded_unrand_vines
D:11:     layout_loops_cross, ebering_ghost_rock_garden
D:12:     layout_roguey, hiddenorc1_lemuel, ebering_ghost_rock_garden,
          uniq_nessos
Temple:   jpeg_temple_alley_garden
Lair:1:   layout_cellular_growth, grunt_megastairs_5, serial_bayou_shore_a
Lair:2:   layout_roguey, guppyfry_snake_entry_garden
Lair:3:   layout_regular_city, minmay_shoals_entry_centaurs,
          gauntlet_entry_generic, serial_bayou_shore_b, uniq_urug
Lair:4:   layout_layer_cave, nicolae_slime_entry_slimehenge
Lair:5:   hangedman_lair_tendril_chambers, layout_regular_city,
          guppyfry_lair_end_dragon, portal_ice_cave_demonic_guard,
          grunt_forest_large_clearing_hut

Skill      XL: |  1  2  3  4  5  6  7  8  9 10 11 12 13 14 15 |
---------------+----------------------------------------------+-----
Fighting       | 4 5 6 10 | 10.1
Maces & Flails | 3 4 5 6 8 9 11 12 | 12.0
Armour         | 4 5 9 10 | 10.0
Shields        | 5 9 |  9.0
Dodging        | 4 5 |  5.7
Evocations     | 2 5 9 10 | 10.0
Invocations    | 6 10 13 15 16 | 16.2

Action                   |  1- 3 |  4- 6 |  7- 9 | 10-12 | 13-15 || total
-------------------------+-------+-------+-------+-------+-------++-------
Melee: Flail             |    46 |       |       |       |       ||    46
       Mace              |    56 |   135 |   360 |   530 |   878 ||  1959
       Headbutt          |       |       |       |       |    52 ||    52
Throw: Throwing net      |       |       |       |     1 |       ||     1
Invok: Upheaval          |       |       |       |     2 |     8 ||    10
       Elemental Force   |       |       |       |     1 |       ||     1
       Disaster Area     |       |       |       |       |     1 ||     1
Evoke: Wand              |       |       |       |     6 |     4 ||    10
  Use: Scroll            |     2 |     1 |     3 |     5 |     5 ||    16
       Potion            |       |       |     1 |     1 |     8 ||    10
 Stab: Paralysed         |       |       |       |     5 |     2 ||     7
Armor: Scale mail        |    50 |    12 |       |       |       ||    62
       Plate armour      |       |    89 |   236 |    46 |       ||   371
       Chain mail        |       |       |       |   202 |   440 ||   642
Dodge: Dodged            |    50 |    56 |    90 |   186 |   352 ||   734
       Repelled          |       |       |       |       |     5 ||     5
Block: Buckler           |    20 |    52 |   117 |   222 |   596 ||  1007
